 Dungeon Crawl Stone Soup version 0.18.1-6-gd335043 (webtiles) character file.

828 Moloch the Cleaver (level 7, -1/52 HPs)
             Began as a Demonspawn Fighter on May 17, 2016.
             Slain by an ogre
             ... wielding a +0 giant club
              (19 damage)
             ... on level 5 of the Dungeon.
             The game lasted 00:09:01 (5770 turns).

Moloch the Cleaver (Demonspawn Fighter)             Turns: 5770, Time: 00:09:02

Health: -1/52      AC: 11    Str: 18    XL:     7   Next: 65%
Magic:  7/7        EV:  4    Int: 10    God:
Gold:   258        SH: 13    Dex: 12    Spells: 0 memorised, 6 levels left

rFire  . . .     SeeInvis +     a - +0 war axe
rCold  . . .     Gourm    .     I - +0 chain mail
rNeg   . . .     Faith    .     c - +0 shield
rPois  .         Spirit   .     (helmet unavailable)
rElec  .         Dismiss  .     (no cloak)
rCorr  .         Reflect  +     p - +0 pair of gloves
SustAt .         Harm     .     H - +0 pair of boots
MR     .....                    E - +5 amulet of reflection
Stlth  ..........               (no ring)
                                (no ring)

@: not resistant to hostile enchantments, extremely unstealthy
A: antennae 3, demonic guardian 1
a: no special abilities


You were on level 5 of the Dungeon.
You were not hungry.

You visited 2 branches of the dungeon, and saw 6 of its levels.

You collected 258 gold pieces.

Inventory:

Hand Weapons
 a - a +0 war axe (weapon)
Armour
 c - a +0 shield (worn)
 p - a +0 pair of gloves (worn)
 H - a +0 pair of boots (worn)
 I - a +0 chain mail (worn)
Jewellery
 C - an uncursed ring of ice
 E - a +5 amulet of reflection (around neck)
Wands
 b - a wand of flame (22/48)
Scrolls
 g - 3 scrolls of identify {unknown}
 i - a scroll of immolation {unknown}
 l - a scroll of noise {unknown}
 n - a scroll of fear {unknown}
 r - a scroll of blinking {unknown}
 s - a scroll of amnesia {unknown}
 w - 2 scrolls of teleportation {unknown}
 x - a scroll of enchant armour {unknown}
 y - 3 scrolls of magic mapping {unknown}
 A - a scroll of remove curse {unknown}
 B - a scroll of recharging {unknown}
 F - a scroll of random uselessness {unknown}
Potions
 d - 2 potions of might
 e - 3 potions of curing {unknown}
 h - 5 potions of flight {unknown}
 m - a potion of cancellation {unknown}
 o - 2 potions of haste {unknown}
 q - 4 potions of heal wounds {unknown}
 t - a potion of degeneration {unknown}
 u - a potion of beneficial mutation {unknown}
 v - a potion of resistance {unknown}
 z - a potion of brilliance {unknown}
 D - 2 potions of mutation {unknown}
 G - 4 potions of berserk rage {unknown}
 K - a potion of lignification {unknown}
Comestibles
 f - 4 bread rations
 j - a royal jelly
 k - 4 meat rations
 J - 12 chunks of flesh


   Skills:
 - Level 3.0 Fighting
 + Level 8.1 Axes
 - Level 2.6 Armour
 - Level 2.6 Shields


You had 6 spell levels left.
You didn't know any spells.

Dungeon Overview and Level Annotations

Branches:
Dungeon (5/15)             Temple (1/1) D:5

Altars:
Ashenzari
Cheibriados
Dithmenos
Elyvilon
Gozag
Kikubaaqudgha
Makhleb
Nemelex Xobeh
Pakellas
Qazlal
Ru
Sif Muna
Vehumet
Xom
Yredelemnul
Zin
The Shining One

Annotations:
D:3 Pikel
D:5 Menkaure


Innate Abilities, Weirdness & Mutations

You have a pair of large antennae on your head (SInv).
A weak demonic guardian rushes to your aid.


Message History

Your chain mail prevents you from hitting Menkaure.
The giant gecko bites you. You block Menkaure's attack.
Unknown command.
You slash the giant gecko!
You kill the giant gecko!
You hit Menkaure but do no damage. Menkaure barely misses you.
Unknown command.
Unknown command.
You slash the ogre!
The ogre is almost dead.
You slash Menkaure!
Menkaure is heavily damaged.
The ogre hits you with a giant club! Menkaure hits you.
The crimson imp blinks!
Unknown command.
Your shield and chain mail prevent you from hitting the ogre.
The ogre is almost dead.
You barely miss Menkaure.
Menkaure is heavily damaged.
The ogre hits you with a giant club!!
You die...

#.######## #.#.#######.#
#.# #.#.........#
#.##########.###.#.##.##
#.##.........# #.#.##.#
...########### #.#.##.#
.⌠.########## #.#.##.#
...#........####.#....#
#.####.####.....5..####
...#...# ######@#.#
.⌠.##..# #OM..# ...##..#
.....# #####.<# #.......
...##..# .........#
.⌠.##..# ##.........
...##..# ###...##.#
#####..# ...# .. #..##


You could see an ogre, Menkaure and a friendly crimson imp.

Vanquished Creatures
  4 slaves
  A phantom (D:5)
  A scorpion (D:3)
  A howler monkey (D:5)
  4 crimson imps (D:4)
  A hound (D:5)
  A jelly (D:5)
  A centaur skeleton (D:5)
  An orc priest (D:4)
  2 orc wizards
  Ijyb (D:2)
  A giant frog skeleton (D:4)
  A worker ant zombie (D:5)
  Robin (D:2)
  4 gnolls (D:4)
  6 adders
  A shadow imp (D:5)
  2 oozes
  An adder skeleton (D:4)
  5 worms
  2 dart slugs
  6 giant geckos
  8 orcs
  5 bats
  4 giant cockroaches
  14 goblins
  12 hobgoblins
  16 jackals
  3 quokkas (D:4)
  A ball python (D:2)
  A giant gecko skeleton (D:4)
  4 giant newts
  5 kobolds
  9 rats
  A plant (D:4)
131 creatures vanquished.

Vanquished Creatures (collateral kills)
  A scorpion (D:5)
  A kobold (D:5)
2 creatures vanquished.

Vanquished Creatures (others)
  A plant (D:4)
1 creature vanquished.

Grand Total: 134 creatures vanquished

Notes
Turn   | Place    | Note
--------------------------------------------------------------
     0 | D:1      | Moloch the Demonspawn Fighter began the quest for the Orb.
     0 | D:1      | Reached XP level 1. HP: 18/18 MP: 1/1
     7 | D:1      | You fall through a shaft!
     7 | D:2      | Found a burning altar of Makhleb.
    13 | D:1      | Found a shattered altar of Ashenzari.
    67 | D:1      | Reached skill level 2 in Axes
   199 | D:1      | Gained mutation: You have a pair of small antennae on your head. [demonic ancestry]
   199 | D:1      | Reached XP level 2. HP: 22/24 MP: 2/2
   434 | D:1      | Reached skill level 3 in Axes
   486 | D:1      | Reached XP level 3. HP: 28/29 MP: 3/3
   886 | D:2      | Noticed Ijyb
   893 | D:2      | Killed Ijyb
   961 | D:2      | Reached XP level 4. HP: 20/35 MP: 4/4
  1095 | D:2      | Noticed a blizzard demon
  1099 | D:2      | Found a glowing silver altar of Zin.
  1099 | D:2      | Noticed an angel
  1140 | D:2      | Reached skill level 4 in Axes
  1177 | D:2      | Found a shadowy altar of Dithmenos.
  1272 | D:2      | Found a glowing golden altar of the Shining One.
  1361 | D:2      | Found a stormy altar of Qazlal.
  1640 | D:3      | Reached skill level 5 in Axes
  1640 | D:3      | Gained mutation: You have a pair of antennae on your head. [demonic ancestry]
  1640 | D:3      | Reached XP level 5. HP: 37/41 MP: 5/5
  1779 | D:3      | Noticed Robin
  2450 | D:2      | Killed Robin
  2738 | D:3      | Gained mutation: You have a pair of large antennae on your head (SInv). [demonic ancestry]
  2738 | D:3      | Reached XP level 6. HP: 25/47 MP: 6/6
  2909 | D:3      | Found a deep blue altar of Sif Muna.
  3301 | D:4      | Noticed a slave
  3327 | D:4      | Killed a slave
  3453 | D:4      | Noticed Pikel
  3470 | D:3      | HP: 1/47 [Pikel/whip of electrocution (9)]
  3702 | D:4      | Noticed a slave
  3705 | D:4      | Noticed a slave
  3735 | D:3      | Killed a slave
  3984 | D:4      | Killed a slave
  4031 | D:4      | Reached skill level 6 in Axes
  4164 | D:4      | Found a sparkling altar of Nemelex Xobeh.
  4189 | D:4      | Found a shimmering altar of Xom.
  4201 | D:4      | Found a sacrificial altar of Ru.
  4556 | D:4      | Noticed a slave
  4563 | D:4      | Found a snail-covered altar of Cheibriados.
  4771 | D:4      | Found a basalt altar of Yredelemnul.
  4876 | D:4      | Killed a slave
  4974 | D:4      | Reached skill level 7 in Axes
  4974 | D:4      | Gained mutation: A weak demonic guardian rushes to your aid. [demonic ancestry]
  4974 | D:4      | Reached XP level 7. HP: 48/52 MP: 7/7
  5042 | D:5      | Entered Level 5 of the Dungeon
  5043 | D:5      | Found a radiant altar of Vehumet.
  5318 | D:5      | Found a staircase to the Ecumenical Temple.
  5337 | Temple   | Entered the Ecumenical Temple
  5660 | D:5      | Reached skill level 8 in Axes
  5760 | D:5      | Noticed Menkaure
  5770 | D:5      | Slain by an ogre

Skill      XL: |  1  2  3  4  5  6  7 |
---------------+----------------------+-----
Axes           | 2 3 5 7 8 |  8.1
Fighting       | |  3.0
Armour         | |  2.6
Shields        | |  2.6

Action                   |  1- 3 |  4- 6 |  7- 9 || total
-------------------------+-------+-------+-------++-------
Melee: War axe           |   106 |   364 |   139 ||   609
Evoke: Wand              |       |     2 |       ||     2
 Stab: Distracted        |       |       |     4 ||     4
  Eat: Chunk             |       |    14 |     3 ||    17
Armor: Scale mail        |    55 |   132 |       ||   187
       Chain mail        |       |    15 |    56 ||    71
Dodge: Dodged            |    26 |    87 |    13 ||   126
Block: Shield            |    65 |   151 |    97 ||   313
